 Dungeon Crawl Stone Soup version 0.31-a0-214-gb37851dbb3 (webtiles) character file.

Game seed: 7346551951879827502

121 qw the Shooter (level 5, 0/31 HPs)
             Began as a Gargoyle Hexslinger on July 1, 2023.
             Slain by Edmund
             ... wielding a +0 dire flail of venom
              (12 damage)
             ... on level 4 of the Dungeon.
             The game lasted 00:00:41 (2414 turns).

qw the Shooter (Gargoyle Hexslinger)                Turns: 2414, Time: 00:00:41

Health: 0/31       AC:  7    Str: 11    XL:     5   Next: 5%
Magic:  6/6        EV: 11    Int: 14    God:
Gold:   113        SH:  0    Dex: 14    Spells: 5/6 levels left

rFire   + . .        Y - +2 sling
rCold   . . .        (no shield)
rNeg    + . .        g - +0 leather armour
rPois   inf          (no helmet)
rElec   +            (no cloak)
rCorr   .            (no gloves)
SInv    .            (no boots)
Will    .....        d - amulet of Lust {Acrobat rF+}
Stlth   +            (no ring)
HPRegen 0.25/turn    (no ring)
MPRegen 0.10/turn

%: acrobat
@: no status effects
A: sickness immunity, AC +4, negative energy resistance 1, electricity
resistance, torment resistance 1, petrification resistance
a: no special abilities


You were on level 4 of the Dungeon.
You visited 1 branch of the dungeon, and saw 5 of its levels.

You collected 113 gold pieces.


Innate Abilities, Weirdness & Mutations

You are immune to sickness and miasma.
Your stone body is resilient. (AC +4)
You are immune to poison.
You resist negative energy. (rN+)
You are resistant to electric shocks. (rElec)
You are resistant to unholy torment.
You are immune to petrification.


   Skills:
 - Level 2.7 Fighting
 + Level 4.4 Ranged Weapons
 - Level 1.5 Dodging
 - Level 1.0 Spellcasting
 - Level 2.6 Hexes


You had 5 spell levels left.
You knew the following spells:

 Your Spells              Type           Power      Damage    Failure   Level
a - Slow                  Hex            32%        N/A       12%         1

Your spell library contained the following spells:

 Spells                   Type           Power      Damage    Failure   Level
 Inner Flame              Hex/Fire       4%         N/A       52%         3
 Portal Projectile        Hex/Tloc       8%         N/A       52%         3
 Cause Fear               Hex            4%         N/A       75%         4

Inventory:

Hand Weapons
 Y - a +2 sling (weapon)
Armour
 g - a +0 leather armour (worn)
Jewellery
 d - the amulet of Lust (around neck) {Acrobat rF+}
   (You found it on level 2 of the Dungeon)

   [amulet of the acrobat]

   It increases your evasion while moving and waiting.
   rF:        It protects you from fire.
Scrolls
 a - 2 scrolls of enchant armour
 i - a scroll of identify
Potions
 b - a potion of lignification {unknown}
 c - a potion of attraction {unknown}
 e - a potion of mutation {unknown}
 f - a potion of curing {unknown}
 h - a potion of degeneration {unknown}

Dungeon Overview and Level Annotations

Branches:
Dungeon (5/15)
 Temple: D:4-7

Altars:

Annotations:
D:4 Edmund


Message History

You shoot a sling bullet.
The sling bullet hits Edmund but does no damage.
You shoot a sling bullet.
The sling bullet hits Edmund but does no damage.
You shoot a sling bullet. The sling bullet hits Edmund.
Edmund is lightly wounded.
Edmund drinks a potion.
Edmund seems to grow stronger.
You shoot a sling bullet. The sling bullet hits Edmund.
Edmund is moderately wounded.
You shoot a sling bullet. The sling bullet hits Edmund.
Edmund is moderately wounded.
Edmund hits you with a +0 dire flail of venom!
Edmund hits you with a +0 dire flail of venom.
You shoot a sling bullet. The sling bullet hits Edmund.
Edmund is moderately wounded.
Edmund completely misses you.
You shoot a sling bullet. The sling bullet hits Edmund.
Edmund is heavily wounded.
Edmund hits you but does no damage.
You shoot a sling bullet. The sling bullet hits Edmund.
Edmund is heavily wounded.
Edmund barely misses you.
You shoot a sling bullet.
The sling bullet hits Edmund but does no damage.
Edmund is heavily wounded.
Edmund closely misses you.
You shoot a sling bullet.
The sling bullet hits Edmund but does no damage.
Edmund is heavily wounded.
Edmund closely misses you.
Edmund says, "People accused me of being a cutpurse!"
Edmund hits you with a +0 dire flail of venom!
You shoot a sling bullet. The sling bullet hits Edmund.
Edmund is heavily wounded.
Edmund says, "I might not be good at magic, but I can still kill you!"
Edmund misses you.
You shoot a sling bullet. The sling bullet hits Edmund.
Edmund is heavily wounded.
Edmund hits you with a +0 dire flail of venom!
You die...

###############
...............
.|.....@@......
............###
##########..#
.# .# .# .


You could see Edmund (strong).

Vanquished Creatures
  Natasha (thrice) (D:2)
  3 worms (D:2)
  4 bats
  5 endoplasms
  3 giant cockroaches
  3 goblins
  5 hobgoblins
  2 quokkas (D:1)
  A ball python (D:1)
  3 kobolds (D:2)
  5 rats
37 creatures vanquished.

Notes
Turn   | Place    | Note
-------+----------+-------------------------------------------
     0 | D:1      | qw the Gargoyle Hexslinger began the quest for the Orb.
     0 | D:1      | Reached XP level 1. HP: 12/12 MP: 2/2
     0 | D:1      | 0 ||| qw: Version: 0.3-a-32-g5962c71
     0 | D:1      | 0 ||| qw: Game counter: 7638
     0 | D:1      | 0 ||| qw: Melee chars always use a shield: true
     0 | D:1      | 0 ||| qw: God list: Okawaru
     0 | D:1      | 0 ||| qw: Allow faded altars: false
     0 | D:1      | 0 ||| qw: Do Orc after clearing Dungeon:15 true
     0 | D:1      | 0 ||| qw: Do second Lair branch before Depths: true
     0 | D:1      | 0 ||| qw: Lair rune preference: random
     0 | D:1      | 0 ||| qw: Goals: Normal
     0 | D:1      | 0 ||| PLANNING D:1-11
   104 | D:1      | Reached XP level 2. HP: 16/16 MP: 3/3
   302 | D:1      | Reached skill level 3 in Ranged Weapons
   501 | D:1      | Found a faded altar of an unknown god.
   966 | D:1      | 966 ||| READING scroll labelled QOISOU ILAG.
   967 | D:1      | 967 ||| READING scroll labelled YKACKAULATI.
   968 | D:1      | 968 ||| READING scroll labelled IPLAESCH ESESCH.
   969 | D:1      | 969 ||| DROPPING scroll of poison.
  1020 | D:2      | Identified the amulet of Lust {Acrobat rF+}
  1089 | D:2      | Noticed Natasha
  1095 | D:2      | HP: 1/16 [Natasha/magic dart (8)]
  1097 | D:2      | Killed Natasha
  1098 | D:2      | Reached XP level 3. HP: 3/22 MP: 4/4
  1195 | D:2      | Noticed Natasha
  1205 | D:2      | Killed Natasha
  1206 | D:2      | Reached XP level 4. HP: 12/27 MP: 5/5
  1558 | D:2      | Noticed Natasha
  1566 | D:2      | HP: 6/27 [cerulean imp/+2 spear[Natasha] (6)]
  1567 | D:2      | HP: 2/27 [cerulean imp/+1 spear[Natasha] (4)]
  1568 | D:2      | Killed Natasha
  1569 | D:2      | Reached skill level 4 in Ranged Weapons
  1753 | D:2      | 1753 ||| FLEEEEING.
  1757 | D:2      | Reached XP level 5. HP: 29/31 MP: 6/6
  2024 | D:2      | 2024 ||| UPGRADING to +0 leather armour.
  2034 | D:2      | 2034 ||| DROPPING +0 robe.
  2035 | D:2      | 2035 ||| UPGRADING to amulet of Lust {Acrobat rF+}.
  2395 | D:3      | You fall into a shaft and drop 2 floors!
  2395 | D:5      | Entered Level 5 of the Dungeon
  2396 | D:5      | 2396 ||| READING scroll labelled ESHUOVI KIMASE.
  2397 | D:5      | 2397 ||| READING scroll labelled TOUTAREEMN.
  2402 | D:4      | Noticed Edmund
  2403 | D:4      | 2403 ||| PLANNING SEWER
  2414 | D:4      | Slain by Edmund

Levels and vault maps discovered:
D:1:      dpeg_arrival_concentric_ovals, layout_basic,
          ebering_ecumenical_altar_webs
D:2:      layout_loops_corners, uniq_natasha
D:3:      layout_basic, kennysheep_generic_room_11
D:4:      minmay_recursive_quarters, layout_rooms,
          nicolae_tso_swordbearing_angel, cheibrodos_sewer_entry_bend,
          uniq_edmund
D:5:      layout_rooms, lemuel_doored_altar, gammafunk_ghost_stat_death,
          hangedman_decor_peaks_small, uniq_menkaure

Skill      XL: |  1  2  3  4 |
---------------+-------------+-----
Ranged Weapons | 3 4 |  4.4
Fighting       | 2 |  2.7
Dodging        | |  1.5
Spellcasting   | |  1.0
Hexes          | |  2.6

Action                     |  1- 3 |  4- 6 || total
---------------------------+-------+-------++-------
   Fire: Sling             |    75 |    94 ||   169
    Use: Scroll            |     3 |     2 ||     5
 Armour: Robe              |    12 |    15 ||    27
         Leather armour    |       |     1 ||     1
  Dodge: Dodged            |    22 |    31 ||    53

Table legend:
 A = Non-vault XP
 B = Vault XP
 C = Vault XP percentage of total XP
 D = Non-vault monster count
 E = Vault monster count
 F = Vault count percentage of total count
                 A         B        C        D         E       F
            +---------+---------+-------+---------+---------+-------
      Total |     139 |      35 |  20.1 |      36 |       1 |   2.7
            +---------+---------+-------+---------+---------+-------
        D:1 |      26 |       0 |   0.0 |      14 |       0 |   0.0
        D:2 |     110 |      35 |  24.1 |      20 |       1 |   4.8
        D:3 |       3 |       0 |   0.0 |       2 |       0 |   0.0
            +---------+---------+-------+---------+---------+-------
